AoeStats
← 76896859

Arabia

505305936Analyzed
1v1 RM · 24d ago on Sep 8, 2026· 57m 38s· 2 players
Game mode
Random Map
Map size
Tiny (2 player)
Population
200
Speed
Normal
Resources
Standard
Victory
Conquest
Starting age
Dark Age
Ending age
Imperial Age
RankedLock teamsTeams togetherTeam positionsShared explorationLock speedFull tech treeHidden civsTurbo modeCheats
Victory
Defeat
🇨🇳 Huns · China
1059
+15
🇫🇷 Franks · France
1030
-15
Ccosmic
6:46 Loom
10:28 Feudal Age
14:11 Double-Bit Axe
26:07 Castle Age
24:39 Scale Barding Armor
25:33 Forging
27:09 Scale Mail Armor
27:30 Chain Barding Armor
27:08 Gold Mining
28:16 Husbandry
33:03 Wheelbarrow
34:00 Fletching
76896859
4:21 Loom
9:51 Feudal Age
10:44 Double-Bit Axe
13:15 Horse Collar
15:09 Wheelbarrow
26:39 Castle Age
25:03 Scale Barding Armor
25:45 Bloodlines
27:06 Forging
27:59 Bow Saw
27:55 Heavy Plow
28:24 Gold Mining
28:40 Husbandry
31:54 Chain Barding Armor
33:09 Iron Casting
39:17 Hand Cart
40:47 Town Watch
41:40 Gold Shaft Mining
43:24 Fletching
47:06 Imperial Age
45:33 Stone Mining
47:31 Cavalier
48:49 Plate Barding Armor
49:15 Blast Furnace
49:40 Two-Man Saw
49:41 Paladin
57:06 Conscription
56:11 Spies/Treason
57:13 Conscription
Connection lost

Rejoining the realm…

Still unreachable

The connection could not be restored.

Session expired

The server has moved on; the page needs a fresh start.